 Dungeon Crawl Stone Soup version 0.24-a0-250-g6074511 (webtiles) character file.

Game seed: 4068402578094798162

126 Borgoz the Cutter (level 5, -4/32 HPs)
             Began as a Kobold Gladiator on Apr 14, 2019.
             Slain by a gnoll
             ... wielding a +0 spear
              (6 damage)
             ... on level 3 of the Dungeon.
             The game lasted 00:03:36 (2273 turns).

Borgoz the Cutter (Kobold Gladiator)                Turns: 2273, Time: 00:03:37

Health: -4/32      AC:  4    Str: 13    XL:     5   Next: 31%
Magic:  5/5        EV: 16    Int:  9    God:
Gold:   67         SH:  0    Dex: 16    Spells: 4/4 levels left

rFire    + . .     SeeInvis .   a - +0 rapier
rCold    + . .     Gourm    .   (shield restricted)
rNeg     + . .     Faith    .   b - +0 leather armour
rPois    +         Spirit   .   c - +0 helmet
rElec    +         Reflect  .   (no cloak)
rCorr    +         Harm     .   (no gloves)
MR       .....                  (no boots)
Stlth    ++........             (no amulet)
HPRegen  0.10/turn              e - ring of positive energy
MPRegen  0.09/turn              h - ring of flight

@: resistant
A: small, carnivore
a: Evoke Flight


You were on level 3 of the Dungeon.
You were very full.

You visited 1 branch of the dungeon, and saw 3 of its levels.

You collected 67 gold pieces.

Inventory:

Hand Weapons
 a - a +0 rapier (weapon)
Missiles
 d - 3 throwing nets (quivered)
Armour
 b - a +0 leather armour (worn)
 c - a +0 helmet (worn)
Jewellery
 e - a ring of positive energy (left hand)
 h - a ring of flight (right hand)
Scrolls
 i - a scroll of teleportation
 j - 2 scrolls of fog {unknown}
 k - 2 scrolls of identify {unknown}
 l - a scroll of enchant weapon {unknown}
 m - 2 scrolls of fear
Potions
 g - 2 potions of lignification
Comestibles
 f - 4 rations
 n - 3 chunks of flesh


   Skills:
 + Level 3.1 Fighting
 + Level 4.9 Short Blades
 - Level 2.1 Throwing
 + Level 1.3 Armour
 + Level 4.4 Dodging
 + Level 2.6 Stealth


You had 4 spell levels left.
You didn't know any spells.
Your spell library was empty.

Dungeon Overview and Level Annotations

Branches:
Dungeon (3/15)

Altars:

Annotations:
D:3 1 runed translucent door, Hasart's ghost, amateur KoGl


Innate Abilities, Weirdness & Mutations

You are small and have problems with some larger weapons.
You are carnivorous and can eat meat at any time.


Message History

The adder bites you.
* * * LOW HITPOINT WARNING * * *
The adder bites you but does no damage.
You closely miss the adder. The adder bites you but does no damage.
You barely miss the adder. The adder closely misses you.
You closely miss the adder. The adder completely misses you.
You closely miss the adder. The adder closely misses you.
You puncture the adder!
The adder is severely wounded.
The adder closely misses you. x2
You hit the adder.
You kill the adder!
You hit the gnoll.
The gnoll is moderately wounded.
The gnoll hits you with a cursed -2 flail.
* * * LOW HITPOINT WARNING * * *
You hit the gnoll but do no damage.
The gnoll is moderately wounded.
The gnoll hits you from afar with a +0 spear.
You die...

#######.....#.#
≈≈≈≈≈W#.....#.#
≈s≈≈≈≈+.....#.#
≈≈≈≈≈r#..÷....#
#######....#..#
######.g# .# ## ##g#
.# ## ... #g##.#...#
.... #@........
....# ###....##..P
......##....#.#.P...
......+..)..#......P
........###....P♣≈..
......#........≈≈.♣
##### #.......P≈≈≈♣
#.......P≈♣≈≈
#......>.♣≈≈≈


You could see 3 gnolls.

Vanquished Creatures
  A hound (D:2)
  3 adders (D:3)
  5 worms (D:2)
  A dart slug (D:1)
  3 leopard geckos
  7 bats
  3 giant cockroaches
  3 goblins
  3 hobgoblins
  3 jackals (D:2)
  A ball python (D:1)
  4 frilled lizards
  8 kobolds
  10 rats
55 creatures vanquished.

Notes
Turn   | Place    | Note
-------+----------+-------------------------------------------
     0 | D:1      | Borgoz the Kobold Gladiator began the quest for the Orb.
     0 | D:1      | Reached XP level 1. HP: 12/12 MP: 1/1
   180 | D:1      | Reached XP level 2. HP: 10/18 MP: 2/2
   333 | D:1      | Reached skill level 1 in Stealth
   491 | D:1      | Reached XP level 3. HP: 22/22 MP: 3/3
  1219 | D:2      | Reached skill level 1 in Armour
  1219 | D:2      | Reached XP level 4. HP: 17/27 MP: 4/4
  2170 | D:3      | Reached XP level 5. HP: 31/32 MP: 5/5
  2214 | D:3      | Found a runed translucent door.
  2219 | D:3      | Noticed Hasart's ghost (amateur KoGl)
  2273 | D:3      | Slain by a gnoll

Levels and vault maps discovered:
D:1:      mainiacjoe_arrival_reflecting_pool, layout_basic, hex_intersection
D:2:      layout_basic, first_ration, st_stairs_10
D:3:      layout_basic, ebering_ghost_sewer_f, chequers_ecumenical_altar_simple,
          serial_bayou, serial_bayou_lake_a, serial_bayou_lagoon_a,
          serial_bayou_pond_e, serial_bayou_pond_a, serial_bayou_pond_a,
          serial_bayou_shore_b, serial_bayou_pond_a, roderic_serpentine_path

Skill      XL: |  1  2  3  4 |
---------------+-------------+-----
Stealth        | 1 2 |  2.6
Dodging        | 4 |  4.4
Armour         | 1 |  1.3
Fighting       | 3 |  3.1
Short Blades   | |  4.9
Throwing       | |  2.1

Action                   |  1- 3 |  4- 6 || total
-------------------------+-------+-------++-------
Melee: Rapier            |   112 |    83 ||   195
Throw: Throwing net      |     1 |     1 ||     2
  Use: Potion            |     2 |     2 ||     4
       Scroll            |       |     2 ||     2
 Stab: Sleeping          |     2 |     4 ||     6
       Held in net/web   |     1 |     1 ||     2
  Eat: Chunk             |     8 |     4 ||    12
Armor: Leather armour    |    12 |    15 ||    27
       Skin              |     5 |       ||     5
Dodge: Dodged            |    77 |    81 ||   158

Table legend:
 A = Non-vault XP
 B = Vault XP
 C = Vault XP percentage of total XP
 D = Non-vault monster count
 E = Vault monster count
 F = Vault count percentage of total count
                 A         B        C        D         E       F
            +---------+---------+-------+---------+---------+-------
      Total |     175 |       5 |   2.8 |      51 |       4 |   7.3
            +---------+---------+-------+---------+---------+-------
        D:1 |      35 |       0 |   0.0 |      20 |       0 |   0.0
        D:2 |      95 |       5 |   5.0 |      24 |       4 |  14.3
        D:3 |      45 |       0 |   0.0 |       7 |       0 |   0.0
            +---------+---------+-------+---------+---------+-------
